 Dungeon Crawl Stone Soup version 0.23-a0-141-g456867d (webtiles) character file.

112 galech the Chopper (level 4, 0/35 HPs)
             Began as a Demonspawn Monk on Aug 31, 2018.
             Slain by a slave (5 damage)
             ... led by Pikel
             ... on level 3 of the Dungeon.
             The game lasted 00:04:06 (2603 turns).

galech the Chopper (Demonspawn Monk)                Turns: 2603, Time: 00:04:07

Health: 0/35       AC: 10    Str: 11    XL:     4   Next: 63%
Magic:  4/4        EV:  7    Int: 14    God:
Gold:   106        SH:  0    Dex: 16    Spells: 3/3 levels left

rFire    . . .     SeeInvis .   a - +0 hand axe
rCold    . . .     Gourm    .   (no shield)
rNeg     . . .     Faith    .   q - +0 chain mail
rPois    .         Spirit   .   f - +0 helmet
rElec    .         Reflect  .   b - +0 cloak
rCorr    .         Harm     .   (no gloves)
MR       .....                  (no boots)
Stlth    ..........             (no amulet)
HPRegen  0.11/turn              l - ring of flight
MPRegen  0.09/turn              o - +2 ring of intelligence

@: no status effects
A: spiny 1, sturdy frame 1
a: Evoke Flight


You were on level 3 of the Dungeon.
You were not hungry.

You visited 1 branch of the dungeon, and saw 4 of its levels.

You collected 106 gold pieces.

Inventory:

Hand Weapons
 a - a +0 hand axe (weapon)
Armour
 b - a +0 cloak (worn)
 f - a +0 helmet (worn)
 q - a +0 chain mail (worn)
Jewellery
 l - a ring of flight (left hand)
 o - a +2 ring of intelligence (right hand)
Scrolls
 d - 2 scrolls of teleportation {unknown}
 j - 2 scrolls of identify {unknown}
 p - 2 scrolls of remove curse {unknown}
Potions
 e - a potion of invisibility {unknown}
 h - a potion of curing {unknown}
 i - 2 potions of heal wounds {unknown}
 k - a potion of brilliance {unknown}
 n - a potion of flight {unknown}
Comestibles
 c - 9 rations
 g - 3 chunks of flesh


   Skills:
 + Level 3.5 Fighting
 + Level 3.8 Axes
 + Level 0.9 Armour
 + Level 3.0 Dodging
 + Level 2.5 Stealth


You had 3 spell levels left.
You didn't know any spells.
Your spell library was empty.

Dungeon Overview and Level Annotations

Branches:
Dungeon (4/15)
 Temple: D:4-7

Altars:
Elyvilon
Qazlal
Uskayaw
Xom
Yredelemnul

Annotations:
D:4 Pikel


Innate Abilities, Weirdness & Mutations

You are partially covered in sharp spines.
Your movements are slightly less encumbered by armour. (ER -2)


Message History

The slave hits you.
* * * LOW HITPOINT WARNING * * *
The slave is struck by your spines. The slave hits you but does no damage.
You hit the slave.
You kill the slave!
That felt strangely unrewarding.
You hit the slave but do no damage. The slave barely misses you.
Items here: ) [[ † an animal skin; a leather armour; a short sword; a human corpse You closely miss the slave.
The slave is almost dead.
The slave hits you but does no damage.
You miss the slave.
The slave is almost dead.
The slave hits you.
* * * LOW HITPOINT WARNING * * *
You hit the slave.
The slave is almost dead.
The slave hits you.
You die...

........##...............##......
........##.....................##
........##..................#...#
.......###.......................
#.....## #..........>....##......
####### #...............##......
#..............##.......
#.....p.#.........#.....
#####......@#........##.....
##..............).....##.....
#..##..#######........######.
#.##..## #........######.
###..#.## #........#......
#......# #........#......
#......# ###.######......
#......# ###.#####.....##
#......# #...##........#


You could see a slave.

Vanquished Creatures
  3 slaves
  A bullfrog skeleton (D:3)
  3 adders
  3 worms
  A dart slug (D:3)
  2 leopard geckos
  5 orcs
  4 giant cockroaches
  A goblin (D:1)
  2 hobgoblins (D:3)
  2 jackals (D:2)
  A ball python (D:2)
  6 bats
  5 frilled lizards
  4 kobolds
  5 rats
48 creatures vanquished.

Notes
Turn   | Place    | Note
-------+----------+-------------------------------------------
     0 | D:1      | galech the Demonspawn Monk began the quest for the Orb.
     0 | D:1      | Reached XP level 1. HP: 18/18 MP: 1/1
   944 | D:2      | Found a hide-covered altar of Uskayaw.
   951 | D:2      | Gained mutation: You are partially covered in sharp spines.
                  | [demonic ancestry]
   951 | D:2      | Reached XP level 2. HP: 22/24 MP: 2/2
  1212 | D:2      | Found a shimmering altar of Xom.
  1239 | D:2      | Gained mutation: Your movements are slightly less
                  | encumbered by armour. (ER -2) [demonic ancestry]
  1239 | D:2      | Reached XP level 3. HP: 22/29 MP: 3/3
  1333 | D:2      | Found a white marble altar of Elyvilon.
  1815 | D:3      | Reached XP level 4. HP: 32/35 MP: 4/4
  1823 | D:3      | Found a basalt altar of Yredelemnul.
  1917 | D:3      | Found a stormy altar of Qazlal.
  2057 | D:4      | Noticed a slave
  2057 | D:4      | Noticed a slave
  2057 | D:4      | Noticed a slave
  2057 | D:4      | Noticed a slave
  2058 | D:4      | Noticed Pikel
  2098 | D:2      | Killed a slave
  2415 | D:3      | Killed a slave
  2599 | D:3      | Killed a slave
  2603 | D:3      | Slain by a slave

Vault maps used:
D:1:      erik_arrival_triangle_medium
D:2:      eat_drink_and_be_merry_uskayaw, nicolae_overflow_crystal_walls,
          nicolae_overflow_hidden_temple, serial_glass, glass_columns_b,
          glass_columns_a, feat_on_display, minmay_misc_feat_nine_boxes,
          minmay_misc_feat_four_crosses
D:3:      lemuel_doored_altar, lemuel_coloured_pillars_altar
D:4:      minmay_diamond_boxcup, kennysheep_mini_moat,
          minmay_temple_entry_junction_2, first_ration, lemuel_statue_altar,
          uniq_pikel, uniq_sigmund, uniq_natasha

Skill      XL: |  1  2  3 |
---------------+----------+-----
Axes           | 3 |  3.8
Stealth        | 2 |  2.5
Dodging        | 3 |  3.0
Fighting       | |  3.5
Armour         | |  0.9

Action                   |  1- 3 |  4- 6 || total
-------------------------+-------+-------++-------
Melee: Hand axe          |    91 |    76 ||   167
 Stab: Sleeping          |     8 |       ||     8
  Eat: Chunk             |     3 |     2 ||     5
Armor: Leather armour    |    21 |     4 ||    25
       Robe              |     1 |       ||     1
       Chain mail        |       |    52 ||    52
Dodge: Dodged            |    60 |    37 ||    97

Table legend:
 A = Non-vault XP
 B = Vault XP
 C = Vault XP percentage of total XP
 D = Non-vault monster count
 E = Vault monster count
 F = Vault count percentage of total count
                 A         B        C        D         E       F
            +---------+---------+-------+---------+---------+-------
      Total |     160 |       0 |   0.0 |      45 |       0 |   0.0
            +---------+---------+-------+---------+---------+-------
        D:1 |      10 |       0 |   0.0 |       8 |       0 |   0.0
        D:2 |      54 |       0 |   0.0 |      15 |       0 |   0.0
        D:3 |      87 |       0 |   0.0 |      19 |       0 |   0.0
        D:4 |       9 |       0 |   0.0 |       3 |       0 |   0.0
            +---------+---------+-------+---------+---------+-------
